[Event "*** Titled Tuesday Blitz"]
[Site "Chess.com"]
[Date "2019.01.01"]
[Round "1"]
[White "Koksik_13"]
[Black "2nd_life"]
[Result "0-1"]
[WhiteElo "2693"]
[BlackElo "2376"]
[TimeControl "180+2"]
[EndTime "13:12:04 PST"]
[Termination "2nd_life won on time"]

1. e4 e5 2. Nf3 Nc6 3. Nc3 Nf6 4. d4 exd4 5. Nxd4 Bb4 6. Nxc6 bxc6 7. Bd3 d5 8. exd5 O-O 9. O-O cxd5 10. h3 h6 11. Qf3 Be6 12. Bf4 Bd6 13. Ne2 Bxf4 14. Nxf4 Qd6 15. Rad1 c5 16. c4 d4 17. Rfe1 Rfe8 18. b3 Bd7 19. Nh5 Nxh5 20. Qxh5 Rxe1+ 21. Rxe1 Re8 22. Rxe8+ Bxe8 23. Qg4 Qe6 24. Qf4 Qe7 25. Kh2 g5 26. Qb8 Kg7 27. a3 a5 28. Qg3 Bc6 29. Qb8 a4 30. bxa4 Bxa4 31. Qa8 Qd6+ 32. g3 Bc6 33.
Qa5 Qf6 34. Qe1 Kf8 35. Qe2 Bb7 36. Kg1 Qc6 37. f4 Qh1+ 38. Kf2 Qh2+ 39. Ke1 Qxg3+ 40.
Kd2 Qxf4+ 41. Kc2 Qe3 42. Qh5 Kg7 43. Qg4 Bc6 44. Qf5 Ba4+ 45. Kb1 Qe1+ 46. Ka2 Qd2+ 47. Kb1 Qd1+ 48. Ka2 Qb3+ 49. Ka1 Qxa3+ 50. Kb1 Qb3+ 51. Ka1 Qd1+ 52. Kb2 Qd2+ 53. Ka1 Qe1+ 54. Kb2 Qe6 55. Qxc5 Qe3 56. Qf5 Qd2+ 57. Ka3 Be8 58. Qe5+ Kf8 59. Qd6+ Kg8 60. Qxd4 Qa5+ 61. Kb2 Qc7 62. c5 Qb7+ 63. Kc3 Qd7 64. Qe4 Qe6 65. Qa8 Kg7 66. Qd8 Qe5+ 67. Kb4 Bc6 68. Bc4 Qb2+ 69. Bb3 Qf2 70. Qd6 Qf4+ 71.
Ka5 Qxd6 72. cxd6 Bd7 73. Kb6 Kf8 74. Kc7 Bxh3 75. Ba4 Bf5 76. Bd7 Bc2 77. Bc6 Bf5 78.
Bd7 Bd3 79. Bc8 Bb5 80. Bd7 Bd3 81. Bb5 Bxb5 0-1

[Event "*** Titled Tuesday Blitz"]
[Site "Chess.com"]
[Date "2019.01.01"]
[Round "1"]
[White "mouseWLZ"]
[Black "Kira170"]
[Result "1/2-1/2"]
[WhiteElo "2300"]
[BlackElo "2633"]
[TimeControl "180+2"]
[EndTime "13:13:00 PST"]
[Termination "Game drawn by agreement"]

1. e4 e6 2. d4 d5 3. Nd2 Nc6 4. Ngf3 Nf6 5. e5 Nd7 6. Bd3 f6 7. exf6 Qxf6 8. Nf1 Bd6 9. Ne3 O-O 10. O-O g6 11. c4 Nxd4 12. cxd5 Nxf3+ 13. Qxf3 Qxf3 14. gxf3 Ne5 15. Be4 Nxf3+ 16. Bxf3 Rxf3 17. Kg2 Rf7 18. Bd2 exd5 19. Nxd5 Bd7 20. Nc3 Bc6+ 21. f3 Re8 22. Rae1 Rfe7 23. Rxe7 Rxe7 24. Rd1 Kf7 25. Bg5 Re6 26.
Bh4 Re3 27. Rf1 Be5 28. Bg3 Bxc3 29. bxc3 Rxc3 30. Bxc7 Bd5 31. Bb8 Ra3 32. Rf2 a6 33. Kg3 Rxa2 34. Rf1 Ra3 35. Kf4 Ke6 36. Re1+ Kd7 37.
Rd1 Kc6 38. Rc1+ Kb5 39. Bd6 Rxf3+ 40. Ke5 Rf5+ 41. Kd4 b6 42. Rb1+ Kc6 43. Be5 b5 44. Ra1 Bc4 45. Rxa6+ Kb7 46. Rd6 Rh5 47. Rf6 Kc8 48. Rd6 Be2 49. Bg3 Rf5 50. Rb6 Rh5 51. Rd6 Kb7 52. Rf6 Bc4 53. Rd6 Ba2 54. Be5 Kc8 55. Bg3 Rf5 56. Be5 Bb1 57. Rb6 Kd7 58.
Rxb5 Kc6 59. Rc5+ Kb6 60. Rc1 Ba2 61. Rc2 Be6 62. Rc1 Rf2 63. Bg3 Rb2 64. Ke5 Bf5 65. Kf6 Rd2 66. Kg7 h5 67. Kf6 Rd3 68. Kg5 Kb5 69.
Rc7 Rd5 70. Kf4 Kb6 71. Rc1 Rd4+ 72. Kg5 Rg4+ 73. Kf6 h4 74. Be5 Rg2 75. Ke7 Re2 76.
Kd6 Rd2+ 77. Ke7 Re2 78. Kd6 Kb5 79. Rc5+ Kb4 80. Rc7 Kb3 81. Rc3+ Kb4 82. Rc7 Re3 83. Rc1 Re2 84. Rc7 g5 85. Rg7 Rg2 86. Rf7 Bd3 87.
Rb7+ Kc4 88. Rc7+ Kb4 89. Rb7+ Bb5 90. Kd5 Rd2+ 91. Ke4 Kc5 92. Kf5 Rg2 93. Rg7 Bd3+ 94. Kf6 g4 95. Rc7+ Kd5 96. Rd7+ Ke4 97. Rd4+ Ke3 98.
Kg5 g3 99. Rxh4 gxh2+ 100. Kf6 Rg6+ 101. Kf7 Rc6 102. Bxh2 Be4 103. Ke7 Rc4 104. Bd6 Kd3 105. Rh3+ Kd4 106. Kf6 Rc6 107. Ke7 Ra6 1/2-1/2

[Event "*** Titled Tuesday Blitz"]
[Site "Chess.com"]
[Date "2019.01.01"]
[Round "2"]
[White "Fluffey"]
[Black "patrisiii123"]
[Result "1-0"]
[WhiteElo "2466"]
[BlackElo "2261"]
[TimeControl "180+2"]
[EndTime "13:15:54 PST"]
[Termination "Fluffey won by checkmate"]

1. Nf3 Nf6 2. g3 c5 3. Bg2 Nc6 4. O-O d6 5. Re1 g6 6. e4 Bg7 7. c3 e5 8. d4 cxd4 9. cxd4 Bg4 10. dxe5 dxe5 11. Qb3 Qb6 12. Qxb6 axb6 13. Nc3 O-O-O 14. Be3 Kc7 15. Nb5+ Kb8 16. Bxb6 Rd3 17. Nxe5 Nxe5 18. Bc7+ Ka8 19. Bxe5 Rd2 20. Re3 Rhd8 21. Ra3# 1-0

[Event "*** Titled Tuesday Blitz"]
[Site "Chess.com"]
[Date "2019.01.01"]
[Round "2"]
[White "nurmiTV"]
[Black "KenanGarayev"]
[Result "0-1"]
[WhiteElo "2620"]
[BlackElo "2841"]
[TimeControl "180+2"]
[EndTime "13:16:31 PST"]
[Termination "KenanGarayev won by resignation"]

1. c4 Nf6 2. g3 e5 3. Bg2 c6 4. d4 exd4 5. Qxd4 d5 6. Nc3 Be6 7. cxd5 cxd5 8. Nf3 Nc6 9. Qa4 Be7 10.
O-O O-O 11. Rd1 Qb6 12. Nb5 Bc5 13. Nbd4 Nxd4 14. Nxd4 Bd7 0-1

[Event "*** Titled Tuesday Blitz"]
[Site "Chess.com"]
[Date "2019.01.01"]
[Round "2"]
[White "snowlord"]
[Black "andresgv36"]
[Result "1-0"]
[WhiteElo "2689"]
[BlackElo "2333"]
[TimeControl "180+2"]
[EndTime "13:16:32 PST"]
[Termination "snowlord won by resignation"]

1. e4 e5 2. Nf3 Nc6 3. d4 exd4 4. Nxd4 Bc5 5. Nb3 Bb6 6. Nc3 Nf6 7. Qe2 O-O 8. Bg5 h6 9. Bh4 Nd4 10. Qd3 Nxb3 11.
axb3 d6 12. O-O-O Be6 13. f4 a5 14. f5 a4 15. fxe6 axb3 16. exf7+ Rxf7 17. cxb3 Qe8 18. Be2 Nd7 19. Bh5 Ne5 20. Bxf7+ Qxf7 21. Qd5 1-0

[Event "*** Titled Tuesday Blitz"]
[Site "Chess.com"]
[Date "2019.01.01"]
[Round "2"]
[White "ama18"]
[Black "saraswathii"]
[Result "1-0"]
[WhiteElo "2441"]
[BlackElo "2252"]
[TimeControl "180+2"]
[EndTime "13:17:23 PST"]
[Termination "ama18 won on time"]

1. e4 c5 2. Nf3 e6 3. d4 cxd4 4. Nxd4 Nf6 5. Nc3 Nc6 6. g3 Bb4 7. Bg2 d5 8. O-O O-O 9. exd5 Nxd5 10. Nxd5 exd5 11. c3 Be7 12. Bf4 Bf6 13. Nb5 a6 14. Nc7 1-0

[Event "*** Titled Tuesday Blitz"]
[Site "Chess.com"]
[Date "2019.01.01"]
[Round "2"]
[White "VitaliyBernadskiy"]
[Black "alpasya2009"]
[Result "1-0"]
[WhiteElo "2745"]
[BlackElo "2662"]
[TimeControl "180+2"]
[EndTime "13:17:27 PST"]
[Termination "VitaliyBernadskiy won by resignation"]

1. e4 c5 2. Nf3 d6 3. Bb5+ Nd7 4.
O-O a6 5. Bd3 Ngf6 6. c3 e6 7.
Bc2 b5 8. d4 Bb7 9. Re1 Be7 10.
Nbd2 O-O 11. e5 Nd5 12. Ne4 dxe5 13. dxe5 Qc7 14. Bg5 Bxg5 15. Nexg5 h6 16. Qd3 g6 17. Nxe6 Qc6 18. Nxf8 Rxf8 19. e6 Nf4 20. Qxd7 1-0

[Event "*** Titled Tuesday Blitz"]
[Site "Chess.com"]
[Date "2019.01.01"]
[Round "2"]
[White "tomozupan"]
[Black "TBergh98"]
[Result "0-1"]
[WhiteElo "2205"]
[BlackElo "2263"]
[TimeControl "180+2"]
[EndTime "13:17:32 PST"]
[Termination "TBergh98 won by resignation"]

1. d4 Nf6 2. Bg5 e6 3. e4 Be7 4. e5 Nd5 5. Bxe7 Qxe7 6. c4 Qb4+ 7. Nd2 Nb6 8. f4 Qxb2 9. Ngf3 Qc3 10. Be2 Qe3 11.
g3 Nc6 12. d5 Nd4 13. Nxd4 Qxd4 14. dxe6 dxe6 15. Rc1 Bd7 16. Qb3 Ba4 17. Qf3 Bc6 0-1

[Event "*** Titled Tuesday Blitz"]
[Site "Chess.com"]
[Date "2019.01.01"]
[Round "2"]
[White "Orest_Vovk"]
[Black "Vrolijk"]
[Result "0-1"]
[WhiteElo "2357"]
[BlackElo "2721"]
[TimeControl "180+2"]
[EndTime "13:17:43 PST"]
[Termination "Vrolijk won by resignation"]

1. e4 c5 2. a3 b6 3. b4 Bb7 4.
bxc5 Bxe4 5. Nc3 Bb7 6. cxb6 axb6 7. Bc4 Bxg2 8. Bd5 Bxd5 9. Nxd5 e6 10. Nc3 Nf6 11. Qf3 Nc6 12. Nge2 Ne5 13. Qe3 Ng6 14. Rb1 Bc5 15. d4 Bxa3 16. Bxa3 Rxa3 17. h4 h5 18. Rg1 Nd5 19. Qd2 Nxc3 20. Nxc3 Qxh4 21. Rxb6 O-O 22. Nd1 Qe4+ 23. Kf1 h4 24. Rb5 Ra1 25. Rb3 Rc8 26.
c3 h3 27. Qe2 Rxd1+ 28. Qxd1 h2 0-1

[Event "*** Titled Tuesday Blitz"]
[Site "Chess.com"]
[Date "2019.01.01"]
[Round "2"]
[White "Lennis93"]
[Black "Chessmatus"]
[Result "1-0"]
[WhiteElo "2174"]
[BlackElo "2183"]
[TimeControl "180+2"]
[EndTime "13:17:50 PST"]
[Termination "Lennis93 won by resignation"]

1. e4 c5 2. Nf3 d6 3. d4 cxd4 4. Nxd4 Nf6 5. Nc3 a6 6. Bg5 Nbd7 7. Qe2 e6 8. f4 Qc7 9. g4 b5 10. Bg2 Bb7 11. O-O-O b4 12. Nd5 exd5 13. exd5+ Kd8 14. Nc6+ Bxc6 15. dxc6 Nc5 16. Rhe1 Be7 17. Qc4 Ne6 18. Bxf6 gxf6 19. f5 Nf8 20. Qxf7 Ra7 21. Qg7 Qa5 22. Kb1 Qc5 23. Qxh8 Qf2 24. Bd5 a5 25. Rxe7 1-0

[Event "*** Titled Tuesday Blitz"]
[Site "Chess.com"]
[Date "2019.01.01"]
[Round "2"]
[White "penguingm1"]
[Black "enriquetejedor"]
[Result "1-0"]
[WhiteElo "2817"]
[BlackElo "2558"]
[TimeControl "180+2"]
[EndTime "13:18:14 PST"]
[Termination "penguingm1 won by resignation"]

1. d4 Nf6 2. c4 e6 3. Nc3 d5 4. cxd5 exd5 5. Bg5 c6 6. e3 Be7 7. Bd3 Nbd7 8. Qc2 Nf8 9. Nge2 Ne6 10. Bh4 g6 11. f3 O-O 12. O-O Ng7 13. Rad1 Be6 14. h3 Rc8 15. a3 c5 16. dxc5 Bxc5 17. Nd4 Nge8 18. Qf2 Qb6 19. Na4 Qd6 20. Nxc5 Rxc5 21.
Bg5 Qe5 22. f4 Qc7 23. f5 Ne4 24. Bxe4 dxe4 25. Bf4 Qe7 26. fxe6 fxe6 27. Qg3 e5 28. Bg5 Rxf1+ 29. Rxf1 Qd6 30. Bh6 Rc7 31. Qxe5 1-0

[Event "*** Titled Tuesday Blitz"]
[Site "Chess.com"]
[Date "2019.01.01"]
[Round "2"]
[White "MikePerelshteyn"]
[Black "Litti"]
[Result "1/2-1/2"]
[WhiteElo "2455"]
[BlackElo "2506"]
[TimeControl "180+2"]
[EndTime "13:18:20 PST"]
[Termination "Game drawn by repetition"]

1. e4 c5 2. Nc3 Nc6 3. f4 e6 4.
Nf3 Nge7 5. g3 d5 6. Bg2 g6 7. d3 Bg7 8. O-O O-O 9. g4 Rb8 10. a4 a6 11. Qe1 b5 12. axb5 axb5 13. Qh4 Nd4 14. Nxd4 cxd4 15. Ne2 dxe4 16. Bxe4 Bb7 17. Ng3 Nd5 18. Qxd8 Rfxd8 19. f5 exf5 20. gxf5 Nb4 21. Ra7 Bxe4 22. Nxe4 Ra8 23. Rb7 Rab8 24. Ra7 Ra8 25.
Rb7 Rab8 26. Ra7 1/2-1/2

[Event "*** Titled Tuesday Blitz"]
[Site "Chess.com"]
[Date "2019.01.01"]
[Round "2"]
[White "Quiet_Desperation"]
[Black "Koksik_13"]
[Result "1-0"]
[WhiteElo "2377"]
[BlackElo "2679"]
[TimeControl "180+2"]
[EndTime "13:18:34 PST"]
[Termination "Quiet_Desperation won by resignation"]

1. e4 e6 2. d4 d5 3. Nc3 Bb4 4. e5 c5 5. Bd2 Ne7 6. Nf3 O-O 7. Bd3 cxd4 8. Bxh7+ Kh8 9. Ng5 g6 10.
h4 dxc3 11. bxc3 Qc7 12. cxb4 Qxe5+ 13. Kf1 f6 14. Bxg6 Kg7 15. Nf3 Qc7 16. h5 Nxg6 17. hxg6 Kxg6 18. Nd4 e5 19. Qh5+ 1-0

[Event "*** Titled Tuesday Blitz"]
[Site "Chess.com"]
[Date "2019.01.01"]
[Round "2"]
[White "mc4chess"]
[Black "ehrenfeld"]
[Result "0-1"]
[WhiteElo "2418"]
[BlackElo "2432"]
[TimeControl "180+2"]
[EndTime "13:18:34 PST"]
[Termination "ehrenfeld won by resignation"]

1. c4 e5 2. Nc3 d6 3. g3 f5 4. Bg2 Nf6 5. e4 c6 6. d3 Be7 7. Nge2 O-O 8. O-O Qe8 9. f4 Qh5 10.
exf5 Bxf5 11. fxe5 dxe5 12. Bf3 Qg6 13. d4 Nbd7 14. d5 Bc5+ 15. Kh1 Bh3 16. Bg2 Qh5 17. dxc6 bxc6 18. Rxf6 0-1

[Event "*** Titled Tuesday Blitz"]
[Site "Chess.com"]
[Date "2019.01.01"]
[Round "2"]
[White "RandomOracle"]
[Black "WorldChampionBulletChess"]
[Result "1-0"]
[WhiteElo "2176"]
[BlackElo "2147"]
[TimeControl "180+2"]
[EndTime "13:18:41 PST"]
[Termination "RandomOracle won by resignation"]

1. c4 Nf6 2. d4 e6 3. g3 b6 4. Bg2 c6 5. e4 d5 6. e5 Nfd7 7.
cxd5 cxd5 8. Nc3 Be7 9. Nxd5 exd5 10. Bxd5 Qc7 11. Bxa8 Bb7 12. Bxb7 Qxb7 13. Qf3 Qa6 14. Ne2 O-O 15. O-O Re8 16. Be3 b5 17. Nf4 Bf8 18. Rfc1 b4 19. h4 Qb5 20. Qd5 Qb7 21. Qxb7 1-0

[Event "*** Titled Tuesday Blitz"]
[Site "Chess.com"]
[Date "2019.01.01"]
[Round "2"]
[White "Lion_DL"]
[Black "FancyPlaySyndrome"]
[Result "0-1"]
[WhiteElo "2407"]
[BlackElo "2448"]
[TimeControl "180+2"]
[EndTime "13:18:44 PST"]
[Termination "FancyPlaySyndrome won by resignation"]

1. e4 c5 2. b3 Nc6 3. Bb2 e6 4.
Bb5 Nge7 5. f4 a6 6. Bxc6 Nxc6 7. Nf3 d5 8. exd5 exd5 9. O-O d4 10. d3 Bd6 11.
Re1+ Ne7 12. Ne5 O-O 13. Qf3 f6 14. Nc4 Bc7 15. Nbd2 Rb8 16. Ne4 b5 17. Ncd2 Bb7 18. Qf2 Qd5 19. Ba3 b4 20. Bc1 Ng6 21. Nc4 Rbe8 22.
Bd2 f5 23. Ng5 h6 24. Nh3 Nh4 25. Re5 Bxe5 26. fxe5 g5 27. Re1 Nxg2 28. Re2 Nf4 0-1

[Event "*** Titled Tuesday Blitz"]
[Site "Chess.com"]
[Date "2019.01.01"]
[Round "2"]
[White "Raffael89"]
[Black "TheoSlade"]
[Result "1-0"]
[WhiteElo "2201"]
[BlackElo "2069"]
[TimeControl "180+2"]
[EndTime "13:18:46 PST"]
[Termination "Raffael89 won by resignation"]

1. d4 Nf6 2. Bg5 d5 3. e3 c5 4. c3 Bg4 5. Qb3 Qd7 6. Nd2 e6 7. Ngf3 h6 8. Ne5 Qc7 9. Bxf6 gxf6 10. Bb5+ Ke7 11. Nxg4 h5 12. Nxf6 Kxf6 13. O-O a6 14.
Be2 Bd6 15. f4 Nd7 16. Nf3 Ke7 17. Ne5 Nf6 18. Bf3 h4 19. Qd1 Rhg8 20. Kh1 Rg7 21.
a3 Rag8 22. Rg1 Ne4 23. Bxe4 dxe4 24. Qh5 Bxe5 25. fxe5 Rg4 26. Raf1 R8g7 27. h3 R4g6 28. Qxh4+ Kf8 29. Qxe4 cxd4 30. exd4 1-0

[Event "*** Titled Tuesday Blitz"]
[Site "Chess.com"]
[Date "2019.01.01"]
[Round "2"]
[White "Triumphmate"]
[Black "Blagorod"]
[Result "1-0"]
[WhiteElo "2228"]
[BlackElo "2109"]
[TimeControl "180+2"]
[EndTime "13:18:47 PST"]
[Termination "Triumphmate won by resignation"]

1. e4 e5 2. Nf3 Nf6 3. Nc3 Bb4 4. Bc4 O-O 5. d3 d6 6. h3 h6 7.
O-O c6 8. Bb3 Nbd7 9. Ne2 Nc5 10. c3 Nxb3 11. Qxb3 Ba5 12. Ng3 Bb6 13. Be3 Be6 14.
Qc2 Bc7 15. d4 Qd7 16. Rad1 exd4 17. cxd4 Nh7 18. d5 Bxh3 19. gxh3 Qxh3 20. Qe2 c5 21. Nh2 Nf6 22. Qf3 Rae8 23. Qg2 Qh4 24. Nf5 1-0

[Event "*** Titled Tuesday Blitz"]
[Site "Chess.com"]
[Date "2019.01.01"]
[Round "2"]
[White "Shivagami"]
[Black "jmduque"]
[Result "0-1"]
[WhiteElo "2135"]
[BlackElo "2214"]
[TimeControl "180+2"]
[EndTime "13:18:56 PST"]
[Termination "jmduque won by resignation"]

1. d4 Nf6 2. Bf4 d5 3. e3 c5 4.
c3 Nc6 5. Nd2 e6 6. Ngf3 cxd4 7.
exd4 Nh5 8. Bg5 f6 9. Be3 Bd6 10. Ne5 g6 11. Nd3 O-O 12. f4 e5 13. dxe5 fxe5 14. fxe5 Nxe5 15. Nxe5 Bxe5 16. Nf3 Bf4 17.
Bd4 Bg4 18. Be2 Bxf3 19. Bxf3 Qh4+ 20. Bf2 Rae8+ 21. Kf1 Ng3+ 22. Kg1 Ne2+ 23. Bxe2 Be3 24. Bxe3 Rxe3 25. Qe1 Qe4 26. Rd1 Rxe2 27. Qg3 Rxg2+ 28.
Qxg2 Qe3+ 0-1

[Event "*** Titled Tuesday Blitz"]
[Site "Chess.com"]
[Date "2019.01.01"]
[Round "2"]
[White "MerdeNoms943"]
[Black "nochewycandy"]
[Result "1-0"]
[WhiteElo "2256"]
[BlackElo "2265"]
[TimeControl "180+2"]
[EndTime "13:18:57 PST"]
[Termination "MerdeNoms943 won by checkmate"]

1. d4 Nf6 2. c4 c6 3. Nc3 d5 4. e3 Bf5 5. Nf3 e6 6. Nh4 Be4 7. f3 Bg6 8. Qb3 Qb6 9. Nxg6 hxg6 10.
Bd2 Nbd7 11. g3 Bd6 12. Kf2 Qc7 13. f4 dxc4 14. Bxc4 a6 15. Rac1 Qb8 16. e4 b5 17.
Bxe6 fxe6 18. Qxe6+ Be7 19. e5 b4 20. exf6 Nxf6 21. Qxc6+ Kf7 22. Qc4+ Kf8 23. Nd5 Ng4+ 24. Kf3 Nxh2+ 25. Kg2 Qb7 26. Rxh2 Rxh2+ 27. Kxh2 Rd8 28. Nxe7 Qf3 29. Nxg6+ Ke8 30. Qe6# 1-0

[Event "*** Titled Tuesday Blitz"]
[Site "Chess.com"]
[Date "2019.01.01"]
[Round "2"]
[White "itisabigworld"]
[Black "theblitzchamp"]
[Result "0-1"]
[WhiteElo "2318"]
[BlackElo "2632"]
[TimeControl "180+2"]
[EndTime "13:19:01 PST"]
[Termination "theblitzchamp won by resignation"]

1. e4 e5 2. Nc3 Nf6 3. Bd3 Nc6 4. a3 d5 5. Nf3 Bg4 6. h3 Bh5 7. g4 Bg6 8. exd5 Nxd5 9. Bxg6 hxg6 10. d3 Nxc3 11. bxc3 Qd5 12. c4 Qe6 13. Qe2 O-O-O 14. Bb2 Bc5 15. Kf1 f6 16. Kg2 a6 17. Rae1 Qd7 18. Nd2 Bd4 19. Rb1 Rde8 20. Bxd4 Nxd4 21. Qe4 c6 22. Nb3 f5 23. Qe3 fxg4 24. Nc5 gxh3+ 25. Kf1 Qg4 26. Rg1 Qf3 27. Qxf3 Nxf3 28. Rh1 Nd2+ 0-1

[Event "*** Titled Tuesday Blitz"]
[Site "Chess.com"]
[Date "2019.01.01"]
[Round "2"]
[White "LucaBrasi1968"]
[Black "florianschwabeneder"]
[Result "1/2-1/2"]
[WhiteElo "2414"]
[BlackElo "2450"]
[TimeControl "180+2"]
[EndTime "13:19:01 PST"]
[Termination "Game drawn by repetition"]

1. d4 Nf6 2. Nf3 c5 3. c3 e6 4. Bg5 h6 5. Bh4 d5 6. e3 Nbd7 7. Nbd2 b6 8. Bd3 Bb7 9. O-O Be7 10. Qe2 O-O 11. h3 Re8 12. Bg3 Qc8 13. a4 a6 14. Bh2 Bc6 15. Ne5 Nxe5 16. Bxe5 Qb7 17. Nf3 Ne4 18. Bh2 Bf6 19. Ne5 Nd6 20.
Nxc6 Qxc6 21. Bxd6 c4 22. Bg3 cxd3 23. Qxd3 b5 24.
axb5 axb5 25. Rfc1 Rec8 26. Qf1 Be7 27. Rxa8 Rxa8 28.
Ra1 Ra4 29. b3 Ra6 30. Rxa6 Qxa6 31. Qb1 Qa3 32. Qc2 Qa6 33. Kh2 Bf6 34. Qd3 Qc6 35. Qc2 Be7 36. Qd3 Bf8 37. f3 Be7 38. e4 Bf8 39. exd5 exd5 40. Kg1 Be7 41. Kh2 Bf8 42.
Kg1 Be7 43. Kh2 Bf8 1/2-1/2

[Event "*** Titled Tuesday Blitz"]
[Site "Chess.com"]
[Date "2019.01.01"]
[Round "2"]
[White "jerom555888"]
[Black "Bryakin_Mikhail"]
[Result "0-1"]
[WhiteElo "2694"]
[BlackElo "2688"]
[TimeControl "180+2"]
[EndTime "13:19:08 PST"]
[Termination "Bryakin_Mikhail won by resignation"]

1. Nf3 Nf6 2. d4 d5 3. Bf4 c5 4. e3 Nc6 5. c3 Qb6 6. Qb3 c4 7. Qc2 Bf5 8. Qc1 e6 9. Nbd2 h6 10. h3 Be7 11. Be2 O-O 12. O-O Rfc8 13. Re1 Qd8 14. Bd1 b5 15. a3 a5 16. Bc2 Bd6 17. Ne5 Bxc2 18. Qxc2 Bxe5 19. dxe5 Nd7 20. Nf3 Nc5 21.
Rad1 Nd3 22. Re2 b4 23. Red2 bxa3 24. bxa3 Rab8 25. Rxd3 cxd3 26. Qxd3 Qb6 27. e4 Rd8 28. Nd4 Nxd4 29. cxd4 Qb3 30. exd5 Qxd3 31. Rxd3 Rxd5 32.
Be3 a4 33. Rc3 Rb3 34. Rc8+ Kh7 35. Rc7 Kg6 36. Ra7 Rxa3 37. g4 Ra1+ 38. Kg2 a3 39.
Kf3 a2 40. Ke4 Rb5 41. f4 Rb2 42. f5+ Kh7 43. f6 Re1 44. Rxf7 Rxe3+ 45. Kxe3 a1=Q 46. Rxg7+ Kh8 0-1

[Event "*** Titled Tuesday Blitz"]
[Site "Chess.com"]
[Date "2019.01.01"]
[Round "2"]
[White "maciek_92"]
[Black "CookiesAndIceCream"]
[Result "1-0"]
[WhiteElo "2637"]
[BlackElo "2368"]
[TimeControl "180+2"]
[EndTime "13:19:09 PST"]
[Termination "maciek_92 won by resignation"]

1. c4 e5 2. Nc3 Nf6 3. g3 d5 4.
cxd5 Nxd5 5. Bg2 Nb6 6. e3 g6 7.
Nge2 Bg7 8. b3 O-O 9. Ba3 Re8 10.
O-O a5 11. Rc1 Na6 12. d4 exd4 13. Nxd4 Nb4 14. Bb2 c6 15. a3 N4d5 16. Ne4 Qe7 17. Nc5 h5 18. e4 Nc7 19. Qc2 Ne6 20. Ncxe6 Bxe6 21. Nxe6 Qxe6 22. Bxg7 Kxg7 23. Rfd1 Rad8 24. Rd3 Rxd3 25. Qxd3 Re7 26. Qd4+ 1-0

[Event "*** Titled Tuesday Blitz"]
[Site "Chess.com"]
[Date "2019.01.01"]
[Round "2"]
[White "pawnhopper316"]
[Black "harperchesstt"]
[Result "0-1"]
[WhiteElo "2232"]
[BlackElo "2117"]
[TimeControl "180+2"]
[EndTime "13:19:26 PST"]
[Termination "harperchesstt won by resignation"]

1. e4 c5 2. d4 cxd4 3. c3 dxc3 4. Nxc3 e6 5. Nf3 a6 6. Bc4 b5 7. Bb3 Bb7 8. O-O d6 9. Qe2 Nd7 10.
Rd1 Be7 11. Bc2 Ngf6 12. Bg5 O-O 13. Rac1 Qb8 14. Bb1 Re8 15. a3 Ne5 16. Nxe5 dxe5 17. Bxf6 Bxf6 18. Rd7 Bc6 19. Rd3 Qb7 20. Rg3 g6 21.
Qf3 Bg7 22. h4 h5 23. Re1 Rad8 24. Qe2 Rd4 25. Rd3 Red8 26. Rdd1 a5 27. b4 axb4 28. axb4 Bf8 29. Na2 Qa8 30. Rxd4 exd4 31. Rd1 e5 32. Qb2 Bxe4 33. Nc1 Bxb1 34. Qxb1 e4 35. Nb3 d3 36. Na5 Rd4 37. Qa1 Rxb4 38. Re1 0-1

[Event "*** Titled Tuesday Blitz"]
[Site "Chess.com"]
[Date "2019.01.01"]
[Round "2"]
[White "Peroncio"]
[Black "Msb2"]
[Result "0-1"]
[WhiteElo "2633"]
[BlackElo "2810"]
[TimeControl "180+2"]
[EndTime "13:19:31 PST"]
[Termination "Msb2 won by resignation"]

1. e4 e6 2. d4 d5 3. Nd2 Be7 4. Ngf3 Nf6 5. e5 Nfd7 6. Bd3 c5 7. c3 Nc6 8. O-O g5 9. dxc5 Ndxe5 10. Nxe5 Nxe5 11. Bb5+ Bd7 12. Bxd7+ Qxd7 13. Nb3 Ng6 14. a4 e5 15. Qh5 O-O-O 16. Bxg5 Qf5 17. h4 f6 18. c6 fxg5 19. cxb7+ Kb8 20. a5 Nf4 21. Qf3 e4 22. Qe3 Qg4 23. g3 Rhg8 24. Nd4 Rd6 25. a6 Qh3 0-1

[Event "*** Titled Tuesday Blitz"]
[Site "Chess.com"]
[Date "2019.01.01"]
[Round "2"]
[White "DanielNaroditsky"]
[Black "Didici"]
[Result "1-0"]
[WhiteElo "2927"]
[BlackElo "2604"]
[TimeControl "180+2"]
[EndTime "13:19:44 PST"]
[Termination "DanielNaroditsky won by resignation"]

1. d4 d5 2. c4 e6 3. Nc3 Nf6 4.
cxd5 exd5 5. Bg5 Bb4 6. e3 h6 7.
Bxf6 Qxf6 8. Bd3 O-O 9. Ne2 c6 10. O-O Re8 11. Ng3 Bd6 12. Rc1 g6 13. e4 Qxd4 14.
exd5 Bg4 15. Qc2 Qg7 16. h3 Bc8 17. Nge4 Be5 18. Rce1 Nd7 19. dxc6 bxc6 20. Kh1 Bb7 21. Na4 Rad8 22. Bc4 Kh7 23. Qb3 Re7 24. Qxb7 Nb6 25.
Qxe7 1-0

[Event "*** Titled Tuesday Blitz"]
[Site "Chess.com"]
[Date "2019.01.01"]
[Round "2"]
[White "ChessChronicles123"]
[Black "ori99"]
[Result "0-1"]
[WhiteElo "1816"]
[BlackElo "2012"]
[TimeControl "180+2"]
[EndTime "13:19:48 PST"]
[Termination "ori99 won by resignation"]

1. Nf3 d5 2. g3 Nf6 3. Bg2 e6 4. c4 c6 5. O-O Be7 6. Nc3 O-O 7. Ne5 Nbd7 8. d4 Qb6 9. cxd5 cxd5 10. Na4 Qd8 11. Bd2 Bd6 12. f4 Qe7 13. Rc1 a6 14.
Ba5 b5 15. Nb6 Nxb6 16. Bxb6 Bb7 17. Rc3 Rac8 18. Qc2 Rxc3 19. Qxc3 Rc8 20. Qd2 Ne4 21. Bxe4 dxe4 22. Rc1 Qe8 23. Rc2 f6 24. Ng4 Rc6 25. Bc5 Qd7 26. Qc1 Bxc5 27. Rxc5 Qxd4+ 0-1

[Event "*** Titled Tuesday Blitz"]
[Site "Chess.com"]
[Date "2019.01.01"]
[Round "2"]
[White "Generalas"]
[Black "matiss90"]
[Result "0-1"]
[WhiteElo "2243"]
[BlackElo "2436"]
[TimeControl "180+2"]
[EndTime "13:19:55 PST"]
[Termination "matiss90 won by checkmate"]

1. Nf3 Nf6 2. c4 g6 3. b3 Bg7 4. Bb2 d6 5. g3 c5 6. Bg2 e5 7. O-O O-O 8. d3 Nc6 9. Nc3 h6 10. Qd2 Be6 11. Ne1 Qd7 12. Nc2 Bh3 13.
Ne3 Bxg2 14. Kxg2 Nd4 15. Ned5 Nxd5 16. Nxd5 f5 17. e3 f4 18. exd4 f3+ 19. Kh1 Qh3 20.
Rg1 exd4 21. Rae1 Be5 22. Re4 g5 23. b4 b6 24. Ne7+ Kg7 25. Nc6 Rae8 26. bxc5 g4 27.
cxd6 Rf5 28. Rxe5 Rexe5 29. Nxe5 Qxh2+ 30. Kxh2 Rh5# 0-1

[Event "*** Titled Tuesday Blitz"]
[Site "Chess.com"]
[Date "2019.01.01"]
[Round "2"]
[White "walkingcreep"]
[Black "OparinGrigoriy"]
[Result "1-0"]
[WhiteElo "2596"]
[BlackElo "2919"]
[TimeControl "180+2"]
[EndTime "13:19:56 PST"]
[Termination "walkingcreep won by resignation"]

1. d4 Nf6 2. c4 e6 3. Nc3 Bb4 4. e3 O-O 5. Ne2 d5 6. a3 Bd6 7. cxd5 exd5 8. Ng3 Re8 9. Bd3 a5 10. O-O Na6 11. Nce2 Bd7 12. Bd2 c5 13. dxc5 Nxc5 14. Bc2 Nce4 15. Nd4 Nxd2 16. Qxd2 g6 17. Rac1 h5 18.
h3 h4 19. Nge2 Qe7 20. Nf4 g5 21. Nfe2 Ne4 22. Bxe4 dxe4 23. Rfd1 Rad8 24. Qxa5 Qf6 25. Nb5 Bb8 26. Nc7 Rf8 27. Rd5 b5 28. Rcc5 Bc8 29. Rxg5+ Kh7 30. Rh5+ Kg7 31. Rcg5+ Qxg5 32. Rxg5+ Kh6 33.
Rxb5 Rd1+ 34. Kh2 1-0